cohdb
Replays
Latest Replays
All Replays
Popular Replays
Top Player Replays
Match Explorer
How It Works
Community
CoH3 Stats
Reddit
Sign in to upload your games and track your stats! →
Sign in with Steam
Match 41496143
Unlisted
Match 41496143
Overview
Messages
Build Orders
End
Kradschützen Motorcycle Team
Selects Italian Combined Arms Battlegroup
Selects Bersaglieri Squad
Bersaglieri Squad
Bersaglieri Squad
Construct Light Support Kompanie
Bersaglieri Squad
Selects Bersaglieri Bolster
2.5-tonne Medical Truck
Fire Support Elements
Veteran Squad Leaders
Vehicle Survival Package
Panzerjäger Mechanized Group
Construct Panzerarmee Kommand
Selects Breda Model 30 Light Machine Guns
Emergency Repair Kits
Rapid Advance
Panzer III L Medium Tank
Panzer III L Medium Tank
Selects Semovente da 75/18 Assault Gun
Selects Strafing Run
Strafing Run
Tungsten Core Ammunition
Strafing Run
Panzer III L Medium Tank
Selects Artillery Cover
Walking Stuka Rocket Launcher
Advanced Optics
Artillery Cover
Panzerjäger Mechanized Group
AshCo Dismas
Panzerfaust
0
0
Comments
sign in to comment!
No comments posted yet!